 Dungeon Crawl Stone Soup version 0.18-a0-844-g9229740 (webtiles) character file.

3805 root the Basher (level 10, 0/110 HPs)
             Began as an Ogre Chaos Knight on Dec 19, 2015.
             Slain by an orc priest
             ... wielding a cursed -2 mace
              (2 damage)
             ... on level 9 of the Dungeon.
             The game lasted 00:32:02 (8604 turns).

root the Basher (Ogre Chaos Knight)                 Turns: 8604, Time: 00:32:02

Health: 0/110      AC:  6    Str: 17 (19) XL:     10   Next: 17%
Magic:  0/10       EV:  1    Int: 11      God:    Xom [*.....]
Gold:   239        SH:  0    Dex: -2 (8)  Spells: 0 memorised, 9 levels left

rFire  + . .     SeeInvis .     a - +3 mace (chaos)
rCold  . . .     Gourm    .     b - +2 robe
rNeg   + . .     Faith    .     (no shield)
rPois  .         Spirit   +     (helmet restricted)
rElec  .         Dismiss  .     (no cloak)
rCorr  .         Reflect  .     (gloves unavailable)
SustAt .         Harm     .     (boots unavailable)
MR     +....     Clarity  +     B - amulet of guardian spirit
Stlth  ..........               J - +1 ring of evasion
                                z - ring of positive energy

@: slowed, lost dexterity, very slow, somewhat resistant to hostile
enchantments, extremely unstealthy
A: unfitting armour, molten scales 1, clarity, clumsy 2, fire resistance 1,
screaming 1, tough skin 1
a: Renounce Religion


You were on level 9 of the Dungeon.
You worshipped Xom.
You were a special plaything of Xom.
You were hungry.

You visited 1 branch of the dungeon, and saw 10 of its levels.

You collected 449 gold pieces.
You spent 210 gold pieces at shops.

Inventory:

Hand Weapons
 a - a +3 mace of chaos (weapon)
 K - a +0 giant spiked club
Missiles
 u - 8 tomahawks
 A - 5 javelins (quivered)
 L - a throwing net
Armour
 b - a +2 robe (worn)
Magical Staves
 h - an uncursed staff of air
Jewellery
 l - an uncursed ring of ice
 r - an uncursed ring of ice
 z - a ring of positive energy (left hand)
 B - an amulet of guardian spirit (around neck)
 J - a +1 ring of evasion (right hand)
Wands
 C - a wand of slowing (11)
 D - a wand of disintegration (13)
Scrolls
 e - 5 scrolls of amnesia
 g - a scroll of magic mapping
 k - 2 scrolls of remove curse
 p - a scroll of immolation
 q - 2 scrolls of recharging
 t - 3 scrolls of teleportation
 v - 10 scrolls of identify
 G - 2 scrolls of fear {unknown}
 I - a scroll of fog
Potions
 d - a potion of agility {unknown}
 i - 2 potions of cure mutation {unknown}
 m - 2 potions of degeneration
 n - a potion of might {unknown}
 o - 2 potions of poison
 s - a potion of invisibility {unknown}
 x - 3 potions of curing
 H - a potion of cancellation {unknown}
Books
 O - a book of Beasts

   Spells                             Type                      Level
   a - Summon Butterflies             Summoning                    1
   b - Call Canine Familiar           Summoning                    3
   c - Summon Ice Beast               Ice/Summoning                4
   d - Summon Mana Viper              Hexes/Summoning              5
   e - Summon Hydra                   Summoning                    7
Comestibles
 c - 7 bread rations
 f - 4 fruits
 j - 9 meat rations
 w - 2 slices of pizza
 M - 6 beef jerkies
 N - 3 royal jellies


   Skills:
 + Level 10.1 Fighting
 + Level 10.5 Maces & Flails
 + Level 2.1 Throwing
 + Level 9.1 Dodging


You had 9 spell levels left.
You didn't know any spells.

Dungeon Overview and Level Annotations

Branches:
Dungeon (10/15)            Temple (0/1) D:6
   Lair: D:8-11         Orc: D:9-12

Altars:
Cheibriados
Gozag
Makhleb
Nemelex Xobeh
Okawaru
Qazlal
Sif Muna
Vehumet
Xom
Yredelemnul
Zin
The Shining One

Shops:
D:5 [   D:6 *   D:7 ?

Annotations:
D:7 Kolbur's ghost, novice KoAs
D:8 Gastronok


Innate Abilities, Weirdness & Mutations

You are too large for most types of armour.
You have tough skin (AC +1).
You are partially covered in molten scales (AC +1).
You possess an exceptional clarity of mind.
You are very clumsy. (Dex -4)
Your flesh is heat resistant.
You occasionally shout uncontrollably at your foes.


Message History

You kill the gnoll!
The orc wizard gestures wildly while chanting.
The orc wizard blinks!
You hit the orc priest but do no damage.
Wisps of smoke drift from the orc priest's hands.
The orc priest hits you with a mace.
* * * LOW HITPOINT WARNING * * *
The orc wizard points at you and mumbles some strange words.
The magic dart hits you!
* * * LOW HITPOINT WARNING * * *
Drink which item? (? for menu, Esc to quit)
It was a potion of heal wounds.
You feel much better.
The gnoll hits you from afar with a halberd!
* * * LOW HITPOINT WARNING * * *
The orc priest completely misses you.
The orc wizard hits you but does no damage.
The gnoll hits you from afar with a halberd!
* * * LOW HITPOINT WARNING * * *
The orc priest hits you with a mace.
You die...

## #.# #. #.#####.
.######## #.#.....
........# #....##. #o#
##.....#. #@#
#........ #o#
####.....## #g#
#..g....ยง).
#.###>######.##.....##
#...................##
#####.............####
#..#####.####.# # #..#
#.# #.# # ##..# #.#
#.####


You could see an orc priest, an orc wizard and a gnoll.

Vanquished Creatures
  A hill giant (D:8)
  The ghost of Borgoz the Covert, a novice SpAs of Dithmenos (D:5)
  2 yaks (D:10)
  A hog (D:8)
  A hippogriff (D:8)
  2 sky beasts
  3 ogres
  2 ice beasts
  A tengu (D:3)
  3 centaurs
  A gnoll sergeant (D:9)
  A scorpion (D:4)
  4 killer bees (D:7)
  A jelly (D:5)
  A centaur zombie (D:7)
  6 crimson imps
  2 giant frog zombies
  A quasit (D:9)
  4 orc priests
  3 iguanas (D:7)
  5 orc wizards
  2 worker ants
  Natasha (thrice) (D:3 D:5 D:4)
  2 hounds
  2 hound skeletons
  9 gnolls
  9 adders
  A shadow imp (D:4)
  An adder skeleton (D:8)
  3 worms
  7 giant geckos
  32 orcs
  2 ball pythons
  6 giant cockroaches
  4 goblins
  15 hobgoblins
  13 jackals
  A quokka (D:7)
  6 bats
  3 giant newts
  A jackal skeleton (D:4)
  8 kobolds
  5 rats
181 creatures vanquished.

Vanquished Creatures (collateral kills)
  An ogre (D:4)
  An orc priest (D:3)
  A worker ant (D:4)
  An adder (D:3)
  A worm (D:2)
  A giant gecko (D:2)
  2 kobolds
  A quokka (D:2)
  A bat (D:3)
  A rat (D:3)
11 creatures vanquished.

Grand Total: 192 creatures vanquished

Notes
Turn   | Place    | Note
--------------------------------------------------------------
     0 | D:1      | root the Ogre Chaos Knight began the quest for the Orb.
     0 | D:1      | Reached XP level 1. HP: 24/24 MP: 1/1
   120 | D:1      | XOM: divination: detect creatures
   190 | D:1      | Reached XP level 2. HP: 24/32 MP: 2/2
   382 | D:1      | XOM: silly message
   579 | D:1      | XOM: give mutation
   579 | D:1      | Gained mutation: Your flesh is heat resistant. [Xom's grace]
   720 | D:2      | Reached XP level 3. HP: 35/40 MP: 3/3
   770 | D:2      | Found a faded altar to an unknown god.
   786 | D:2      | XOM: give mutations
   786 | D:2      | Gained mutation: You are partially covered in molten scales (AC +1). [Xom's grace]
   786 | D:2      | Gained mutation: You possess an exceptional clarity of mind. [Xom's grace]
   786 | D:2      | Gained mutation: Your mind is acute. (Int +2) [Xom's grace]
  1030 | D:2      | XOM: summons friendly crimson imp
  1112 | D:2      | Reached skill level 5 in Fighting
  1112 | D:2      | Reached XP level 4. HP: 38/50 MP: 4/4
  1811 | D:3      | Reached skill level 5 in Maces & Flails
  1851 | D:3      | Noticed Natasha
  1861 | D:3      | XOM: potion effect (agility)
  1870 | D:3      | Killed Natasha
  1870 | D:3      | Reached XP level 5. HP: 27/57 MP: 5/5
  1954 | D:3      | XOM: silly message
  2077 | D:3      | XOM: medium Fire miscast
  2189 | D:3      | XOM: summons friendly white imp
  2196 | D:3      | Noticed a tengu
  2196 | D:3      | a worm changed into a tengu
  2198 | D:3      | Killed a tengu
  2198 | D:3      | Reached XP level 6. HP: 51/67 MP: 6/6
  2541 | D:3      | XOM: harmless Air miscast
  2594 | D:4      | Reached skill level 6 in Fighting
  2611 | D:4      | XOM: cast spell 'Summon Small Mammal'
  2614 | D:4      | XOM: cast spell 'Summon Butterflies'
  2630 | D:4      | Found a burning altar of Makhleb.
  2654 | D:4      | Reached XP level 7. HP: 32/75 MP: 7/7
  3044 | D:4      | Found a sparkling altar of Nemelex Xobeh.
  3046 | D:4      | Found a deep blue altar of Sif Muna.
  3052 | D:4      | Found a stormy altar of Qazlal.
  3276 | D:4      | Reached skill level 5 in Dodging
  3314 | D:4      | XOM: silly message
  3442 | D:4      | XOM: 4-stop teleportation journey
  3619 | D:4      | XOM: mild Divn miscast
  3651 | D:4      | Found a shimmering altar of Xom.
  3655 | D:4      | XOM: colour smoke trail
  3902 | D:5      | Entered Level 5 of the Dungeon
  3931 | D:5      | XOM: silly message
  3945 | D:5      | Noticed Natasha
  3954 | D:5      | Killed Natasha
  3975 | D:5      | Found a shimmering altar of Xom.
  3987 | D:5      | XOM: enchant monster (bad)
  4076 | D:5      | Noticed Natasha
  4079 | D:5      | Noticed Borgoz's ghost (novice SpAs)
  4101 | D:4      | Killed Natasha
  4168 | D:4      | Reached skill level 7 in Fighting
  4256 | D:5      | XOM: noise
  4267 | D:5      | XOM: harmless Chrm miscast
  4291 | D:5      | Killed Borgoz's ghost
  4291 | D:5      | Reached XP level 8. HP: 69/87 MP: 8/8
  4556 | D:5      | Found Nackysol's Armour Boutique.
  4847 | D:6      | Found a glowing golden altar of the Shining One.
  4905 | D:6      | Found a staircase to the Ecumenical Temple.
  4924 | D:6      | XOM: divination: detect items
  4935 | D:6      | Found Zin's Purification Station.
  4940 | D:6      | Found a glowing silver altar of Zin.
  5140 | D:6      | Found a snail-covered altar of Cheibriados.
  5305 | D:7      | XOM: colour smoke trail
  5461 | D:7      | Found an opulent altar of Gozag.
  5474 | D:7      | XOM: noise
  5493 | D:7      | XOM: scenery: create altars
  5499 | D:7      | XOM: silly message
  5506 | D:7      | Reached skill level 8 in Fighting
  5520 | D:7      | Noticed Kolbur's ghost (novice KoAs)
  5526 | D:7      | XOM: swap monsters
  5589 | D:7      | XOM: enchant monster (good)
  5602 | D:7      | XOM: 3-stop teleportation journey
  5678 | D:7      | XOM: 6-stop teleportation journey
  5703 | D:7      | Found a snail-covered altar of Cheibriados.
  5736 | D:7      | XOM: silly message
  6070 | D:7      | Found Weikaost's Magic Scroll Shoppe.
  6074 | D:7      | Bought 3 scrolls of identify for 90 gold pieces
  6074 | D:7      | Bought a scroll of identify for 30 gold pieces
  6074 | D:7      | Bought a scroll of identify for 30 gold pieces
  6074 | D:7      | Bought a scroll of identify for 30 gold pieces
  6074 | D:7      | Bought a scroll of identify for 30 gold pieces
  6192 | D:7      | XOM: give mutations
  6192 | D:7      | Gained mutation: You occasionally shout uncontrollably at your foes. [Xom's mischief]
  6192 | D:7      | Lost mutation: Your mind is acute. (Int +2) [Xom's mischief]
  6192 | D:7      | Lost mutation: You occasionally shout uncontrollably at your foes. [Xom's mischief]
  6192 | D:7      | Gained mutation: You occasionally shout uncontrollably at your foes. [Xom's mischief]
  6443 | D:7      | Reached XP level 9. HP: 61/97 MP: 7/9
  6593 | D:7      | XOM: silly message
  6781 | D:8      | Noticed a hill giant
  6782 | D:8      | XOM: harmless Trmt miscast
  6807 | D:8      | Killed a hill giant
  6807 | D:8      | Reached skill level 9 in Fighting
  6807 | D:8      | Reached skill level 1 in Throwing
  6822 | D:8      | Found a basalt altar of Yredelemnul.
  6858 | D:8      | XOM: give mutations
  6858 | D:8      | Gained mutation: You are clumsy. (Dex -2) [Xom's mischief]
  6858 | D:8      | Gained mutation: You are very clumsy. (Dex -4) [Xom's mischief]
  6861 | D:8      | XOM: 1-stop teleportation journey
  6866 | D:8      | XOM: confuse monster(s)
  6951 | D:8      | XOM: summons 5 hostile shadow creatures
  7027 | D:8      | Found an iron altar of Okawaru.
  7083 | D:8      | XOM: polymorph ogre -> hog
  7084 | D:8      | XOM: confuse monster(s)
  7171 | D:8      | XOM: medium Necr miscast
  7453 | D:8      | Found a radiant altar of Vehumet.
  7594 | D:8      | XOM: stat loss: -1 Str (18/19)
  7697 | D:9      | Noticed Gastronok
  7701 | D:8      | XOM: summons 3 friendly demons
  7724 | D:8      | XOM: noise
  7802 | D:8      | XOM: mild Necr miscast
  7980 | D:9      | XOM: 1-stop teleportation journey
  7994 | D:9      | Reached skill level 10 in Maces & Flails
  8111 | D:9      | Reached XP level 10. HP: 100/107 MP: 10/10
  8124 | D:9      | XOM: smoke on damage
  8159 | D:10     | Entered Level 10 of the Dungeon
  8514 | D:10     | Reached skill level 10 in Fighting
  8514 | D:10     | XOM: 1-stop teleportation journey
  8571 | D:10     | XOM: mild Ice miscast
  8590 | D:10     | Lost dexterity.
  8603 | D:9      | HP: 4/110 [orc wizard/magic dart (4)]
  8604 | D:9      | Slain by an orc priest

Vault maps used:
D:1:      saegor_arrival_simple_d, grunt_decor_cap, nrook_mini_backslash,
          minmay_box_of_dots
D:2:      ecumenical_altar_2, kennysheep_nondescript
D:3:      serial_bayou_pond_b, uniq_natasha
D:4:      old_standard_altar, bloody_makhleb, grunt_temple_overflow_open
D:5:      lemuel_ice_spiral_2, first_bread, serial_shops, nicolae_shop_trees,
          led_xom_imps
D:6:      old_standard_altar, zin_purify, minmay_temple_entry_butterflies,
          cheibriados_altar_wand_db
D:7:      grunt_gozag_statues, serial_shops, nicolae_shop_trees,
          glass_columns_a, chei_slow_surprise
D:8:      fiery_altar_vehumet, okawaru_metal_pillars_1_2, basic_altar,
          grunt_ogre_cave
D:9:      lemuel_coloured_pillars_altar, kennysheep_mini,
          grunt_dithmenos_shadows, orc_0_dummy, serial_shops, shop,
          uniq_gastronok
D:10:     lair_0_dummy

Action                   |  1- 3 |  4- 6 |  7- 9 | 10-12 || total
-------------------------+-------+-------+-------+-------++-------
Melee: Mace              |   105 |   169 |   502 |    43 ||   819
Throw: Javelin           |       |       |     5 |       ||     5
       Tomahawk          |       |       |     3 |       ||     3
  Use: Scroll            |       |     9 |     3 |       ||    12
       Potion            |       |       |       |     4 ||     4
 Stab: Confused          |       |     1 |     6 |       ||     7
       Distracted        |       |     2 |     1 |       ||     3
       Petrified         |       |     1 |     2 |       ||     3
       Sleeping          |       |       |     2 |     1 ||     3
       Petrifying        |       |       |     1 |       ||     1
  Eat: Chunk             |       |     6 |    18 |     1 ||    25
